[Event "*** Qualifier 2: Titled Tuesday 3|2 Blitz"]
[Site "Chess.com"]
[Date "2017.04.11"]
[Round "7"]
[White "saraswathii"]
[Black "sorito"]
[Result "1-0"]
[WhiteElo "2227"]
[BlackElo "2285"]
[TimeControl "180+2"]
[EndTime "14:41:33 PDT"]
[Termination "saraswathii won by resignation"]

1. e4 d6 2. d3 Nf6 3. Nf3 e5 4. g3 g6 5. Bg2 Bg7 6. O-O O-O 7. c3 b6 8. Na3 Re8 9. Qe2 Ba6 10. Nh4 Nbd7 11. f4 Nc5 12. c4 Ne6 13. Nc2 exf4 14. gxf4 Nd7 15. Nf3 Bb7 16. Qf2 Nec5 17.
Rd1 Nf6 18. Rb1 Nfxe4 19. dxe4 Bxe4 20. Nfe1 Qd7 21. Be3 Qg4 22. Qg3 Qe6 23. Bd4 Bxg2 24. Nxg2 Qxc4 25. Bxg7 Kxg7 26. Nce3 Qxa2 27. Nd5 Ne4 28.
Qd3 c5 29. Nc7 f5 30. Nxa8 Rxa8 31. Ne3 Qa4 32. b4 Re8 33. Nd5 Qd7 34. bxc5 dxc5 35. Ra1 b5 36. Qa3 b4 37. Qb2+ Kh6 38. Nf6 Qg7 39.
Ra6 Nxf6 40. Qxf6 Qxf6 41. Rxf6 Ra8 42. Rc6 a5 43. Rxc5 a4 44. Ra1 b3 45. Rb5 Kh5 46.
Rxb3 Kg4 47. Rba3 Rb8 48. Rxa4 Rb2 49. Rf1 h6 50. Rf2 Rb3 51. Kg2 g5 52. fxg5+ Kxg5 53. Raf4 Rb5 54. Kg3 h5 55. h4+ Kg6 56. Rd4 Rb3+ 57.
Rf3 Rb6 58. Rd5 Rf6 59. Kf4 Rf8 60. Rd6+ Kg7 61. Kg5 1-0

[Event "*** Qualifier 2: Titled Tuesday 3|2 Blitz"]
[Site "Chess.com"]
[Date "2017.04.11"]
[Round "7"]
[White "woodhy"]
[Black "rpragchess"]
[Result "1-0"]
[WhiteElo "2184"]
[BlackElo "2169"]
[TimeControl "180+2"]
[EndTime "14:41:39 PDT"]
[Termination "woodhy won by checkmate"]

1. e4 e5 2. Nf3 Nc6 3. Bb5 g6 4.
O-O Bg7 5. c3 a6 6. Ba4 d6 7. d4 Bd7 8. Re1 b5 9. Bb3 Nf6 10. a4 O-O 11. Bg5 Rb8 12. Qc1 Bg4 13. axb5 axb5 14. Nbd2 Qd7 15. h3 Bxf3 16. Nxf3 Rfe8 17.
Bh6 exd4 18. Bxg7 Kxg7 19. cxd4 d5 20. exd5 Nxd5 21. Qc5 Ncb4 22. Rxe8 Rxe8 23. Ne5 Qd6 24. Qxb5 Re7 25. Ra8 c5 26. Qb8 Qxb8 27. Rxb8 cxd4 28. Nf3 d3 29. Rd8 Nf4 30. Bc4 Re2 31. Rd7 Kh6 32. Rxf7 Nfd5 33. h4 Re4 34. Rxh7+ Kxh7 35. Ng5+ Kh6 36.
Nxe4 Nf4 37. g3 Ne2+ 38. Kf1 Nd4 39. Nd2 g5 40. hxg5+ Kxg5 41. f3 Kf5 42. Kf2 Ndc2 43. b3 Nd4 44. Bxd3+ Nxd3+ 45. Ke3 Nxb3 46. Nxb3 Ne5 47.
Nd4+ Kf6 48. f4 Ng4+ 49. Ke4 Nf2+ 50. Kf3 Nd3 51. g4 Nc5 52. g5+ Kg6 53. Kg4 Ne4 54. f5+ Kf7 55. Kf4 Nc5 56. Nf3 Nd3+ 57. Kg4 Nf2+ 58.
Kh5 Nd3 59. Kh6 Nc5 60. Ne5+ Kg8 61. f6 Ne6 62. g6 Kh8 63. f7 Nf8 64. g7# 1-0

[Event "*** Qualifier 2: Titled Tuesday 3|2 Blitz"]
[Site "Chess.com"]
[Date "2017.04.11"]
[Round "7"]
[White "ShimanovAlex"]
[Black "Witik"]
[Result "0-1"]
[WhiteElo "2601"]
[BlackElo "2526"]
[TimeControl "180+2"]
[EndTime "14:41:43 PDT"]
[Termination "Witik won by resignation"]

1. d4 Nf6 2. Bf4 c5 3. d5 Qb6 4. Nc3 Qxb2 5. Bd2 Qb6 6. e4 d6 7. f4 g6 8. Nf3 Bg7 9. Bb5+ Nfd7 10. a4 Qd8 11. O-O O-O 12. Re1 Na6 13. h4 Nf6 14. Bc4 Nb4 15. Na2 a5 16. Nc3 e6 17.
dxe6 fxe6 18. e5 dxe5 19. Nxe5 Kh8 20. Nb5 Nbd5 21. Ra3 Bd7 22. g4 Bc6 23. Rh3 Kg8 24. h5 gxh5 25. g5 Ng4 26. Nxg4 hxg4 27. Qxg4 Qd7 28.
Bd3 Rf5 29. Qh5 Nxf4 30. Bxf4 Rxf4 31. Qxh7+ Kf8 32. Rf1 Rxf1+ 33. Kxf1 Qf7+ 34. Ke1 Rd8 35. Rh2 Bf3 36. Rf2 e5 37. g6 Qf4 38. Rxf3 Qxf3 39. Qh4 Rd7 40. Qc4 Ke7 41. Qxc5+ Kf6 42. Qb6+ Kg5 43. Nc3 Rd4 44. Ne2 e4 45. Nxd4 Qe3+ 46.
Kd1 Bxd4 47. Qxa5+ Kxg6 48. Bxe4+ Qxe4 49. Qb5 Bc3 50. Qb6+ Kf5 51. Qb5+ Kg4 52. Qd7+ Kf3 53. Qf7+ Ke3 54.
Kc1 Qd4 55. Qxb7 Qd2+ 56. Kb1 Qe1+ 0-1

[Event "*** Qualifier 2: Titled Tuesday 3|2 Blitz"]
[Site "Chess.com"]
[Date "2017.04.11"]
[Round "7"]
[White "Winehouse83"]
[Black "Feegus"]
[Result "1/2-1/2"]
[WhiteElo "2317"]
[BlackElo "2379"]
[TimeControl "180+2"]
[EndTime "14:41:44 PDT"]
[Termination "Game drawn by agreement"]

1. d4 Nf6 2. Bf4 g6 3. e3 Bg7 4. Bd3 O-O 5. Nf3 d6 6. O-O Nbd7 7. Qe2 Qe8 8. Bg5 e5 9. dxe5 dxe5 10. e4 Nh5 11. Bc4 h6 12. Be3 Nf4 13. Bxf4 exf4 14. c3 Kh7 15. Nbd2 Nb6 16. Bb3 Bg4 17. e5 Nd7 18. Qe4 Nxe5 19. Nxe5 Qxe5 20. Qxb7 Rad8 21.
Nf3 Qh5 22. h3 Bxf3 23. Qxf3 Qxf3 24. gxf3 Rd2 25. Rab1 f5 26. Rfd1 Rfd8 27. Kf1 Bf6 28.
Ke1 R2d6 29. Rxd6 Rxd6 30. Rd1 Rxd1+ 31. Kxd1 Be7 32. Bf7 Kg7 33. Be8 Bc5 34. Ke2 Kf6 35. b4 Bb6 36. a4 a5 37. Kd3 g5 38. Kc4 axb4 39. cxb4 Bxf2 40. a5 g4 41. hxg4 fxg4 42. fxg4 f3 43. Bc6 Ke5 44. Bxf3 Kf4 45. Bd1 Ke5 46. Be2 Kd6 47. Kb5 c5 48. bxc5+ Bxc5 49. Ka6 Kc7 50. Bf3 Be3 51. Kb5 Kb8 52. Kc6 Ka7 53.
Be2 Bd2 54. a6 Bg5 1/2-1/2

[Event "*** Qualifier 2: Titled Tuesday 3|2 Blitz"]
[Site "Chess.com"]
[Date "2017.04.11"]
[Round "7"]
[White "Hikaru"]
[Black "OparinGrigoriy"]
[Result "1-0"]
[WhiteElo "2921"]
[BlackElo "2655"]
[TimeControl "180+2"]
[EndTime "14:41:45 PDT"]
[Termination "Hikaru won by resignation"]

1. c4 e6 2. Nc3 d5 3. d4 Be7 4. cxd5 exd5 5. Bf4 c6 6. e3 Bf5 7. g4 Bg6 8. Nf3 Nd7 9. Ne5 Nxe5 10.
Bxe5 f6 11. Bg3 Bd6 12. Bd3 Ne7 13. Ne2 Bxd3 14. Qxd3 Qd7 15. Bxd6 Qxd6 16. Ng3 Qe6 17. f3 g6 18. Kf2 O-O 19. Ne2 Rae8 20. h4 Qd6 21.
Rag1 c5 22. dxc5 Qxc5 23. Rc1 Qb6 24. Qd4 Qa5 25. h5 g5 26. Rc5 Qxa2 27. Rc7 Nc6 28. Qd3 Re7 29. Rxe7 Nxe7 30. Qb5 d4 31. Nxd4 Qd5 32.
Qxd5+ Nxd5 33. Rc1 Rd8 34. Nf5 Kf7 35. e4 Nb6 36.
Rc7+ Rd7 37. Rxb7 Rxb7 38. Nd6+ Ke6 39. Nxb7 Nc4 40. b3 Nd2 41. Nc5+ Kd6 42. b4 Nc4 43. Ke2 Ne5 44. Nd3 Nc4 45. Nc5 Ne5 46. Nb3 Nc6 47. b5 Ne5 48. Nd4 Nc4 49. Nf5+ Kc5 50. Ng7 Nd6 51.
e5 fxe5 52. Ne6+ Kxb5 53. Nxg5 a5 54. Nxh7 Kc4 55. Nf6 a4 56. Kd2 Kb3 57. g5 a3 58.
g6 Nf5 59. g7 Nxg7 60. h6 Nf5 61. h7 a2 62. h8=Q a1=Q 63. Qb8+ Ka2 64. Qa8+ Kb1 65. Qe4+ Ka2 66. Qxf5 Qd4+ 67. Ke2 Qb2+ 68. Kf1 Qc1+ 69. Kg2 Qd2+ 70. Kh3 Qh6+ 71. Nh5 Qe3 72.
Qe4 Qg5 73. Ng3 Qh6+ 74. Kg2 Qd2+ 75. Qe2 1-0

[Event "*** Qualifier 2: Titled Tuesday 3|2 Blitz"]
[Site "Chess.com"]
[Date "2017.04.11"]
[Round "7"]
[White "Ilja_Semjonovs"]
[Black "Rating-Schmating"]
[Result "1/2-1/2"]
[WhiteElo "2169"]
[BlackElo "2255"]
[TimeControl "180+2"]
[EndTime "14:41:45 PDT"]
[Termination "Game drawn by repetition"]

1. d4 Nf6 2. Nf3 d5 3. Bg5 Bf5 4. Bxf6 exf6 5. e3 Nc6 6. c3 Bd6 7. Bd3 Qd7 8. Bxf5 Qxf5 9. Nbd2 O-O 10. O-O Rfe8 11. Re1 a5 12. a4 Ne7 13. e4 dxe4 14. Nxe4 Qd7 15. Qb3 b6 16. Nxd6 Qxd6 17. Nd2 Nd5 18. Nc4 Qd7 19. Ne3 Nf4 20. g3 Nh3+ 21. Kg2 Ng5 22. Qd5 Qh3+ 23. Kg1 Rad8 24. Qg2 Qd7 25.
f4 Ne4 26. Nc4 Qd5 27. Nd2 f5 28. g4 Nf6 29. gxf5 Qxf5 30. Nf3 Qxf4 31. Ne5 h6 32. Kh1 c5 33. Rf1 Qh4 34. Rg1 Nh5 35. Raf1 f6 36.
Ng6 Qe4 37. Rf3 cxd4 38. Nf4 Re7 39. Nxh5 Kf8 40. cxd4 Rxd4 41. Nxg7 Rd2 42. Qg3 Rd3 43. Rf1 Rxg7 44. Qb8+ Kf7 45. Qf4 Rxf3 46. Rxf3 Qe1+ 47. Rf1 Qe6 48. Qc7+ Kg8 49. Qb8+ Kh7 50. Qf4 Qc6+ 51. Qf3 Qc4 52. Qxf6 Qe4+ 53. Qf3 Qxa4 54. Qf5+ Kh8 55. Qf8+ Kh7 56. Qf5+ Kg8 57. Qf8+ Kh7 58. Qf5+ Kh8 59. Qf8+ Kh7 60. Qf5+ Kg8 61. Qc8+ Kh7 62. Qf5+ 1/2-1/2

[Event "*** Qualifier 2: Titled Tuesday 3|2 Blitz"]
[Site "Chess.com"]
[Date "2017.04.11"]
[Round "7"]
[White "Buffy7"]
[Black "Vamostodorecto"]
[Result "0-1"]
[WhiteElo "2504"]
[BlackElo "2348"]
[TimeControl "180+2"]
[EndTime "14:41:54 PDT"]
[Termination "Vamostodorecto won by resignation"]

1. d4 d5 2. c4 Nc6 3. Nf3 Bg4 4.
e3 Nf6 5. cxd5 Nxd5 6. Be2 e6 7. Qb3 Bb4+ 8. Bd2 O-O 9. O-O a5 10. a3 a4 11. Qc2 Bd6 12. Nc3 f5 13. Nxd5 exd5 14.
b3 axb3 15. Qxb3 Ne7 16. Bb4 b6 17. Bxd6 Qxd6 18. Rfc1 c5 19. dxc5 bxc5 20. Qd1 Kh8 21. a4 Nc6 22. h3 Bh5 23. Qc2 c4 24. Rd1 Qc5 25. Nd4 Bxe2 26. Qxe2 Nxd4 27. Rxd4 Rfd8 28. Qc2 g6 29. h4 Kg7 30. h5 Kh6 31. hxg6 hxg6 32.
Qe2 Kg7 33. Qf3 Ra5 34. Rad1 c3 35. Qe2 c2 36. Rc1 Rc8 37. Rd2 Rxa4 38. Rcxc2 Ra1+ 39. Kh2 Qd6+ 40. f4 Rh8+ 41. Kg3 Ra7 42. Qb5 Qf6 43.
Rxd5 Qh4+ 44. Kf3 Qg4+ 45. Kf2 Qh4+ 46. Ke2 Qg4+ 47. Kf2 Qh4+ 48. Ke2 Qg4+ 49. Kd3 Ra3+ 50. Rc3 Qd1+ 51. Kc4 Rc8+ 52. Rc5 Ra4+ 53. Qb4 Rxb4+ 54. Kxb4 Qb1+ 55. Kc4 Qe4+ 56. Kb5 Rxc5+ 57. Kxc5 Qxg2 58. Kc4 Qe4+ 59. Kb3 Qd5+ 60. Kc2 Qg2+ 61. Kd3 g5 62. fxg5 Qxg5 63. Rc4 Qg2 64. Rf4 Kg6 65. Kc3 Qe2 0-1

[Event "*** Qualifier 2: Titled Tuesday 3|2 Blitz"]
[Site "Chess.com"]
[Date "2017.04.11"]
[Round "7"]
[White "Fandorine"]
[Black "VMikhalevski"]
[Result "1-0"]
[WhiteElo "2659"]
[BlackElo "2541"]
[TimeControl "180+2"]
[EndTime "14:42:03 PDT"]
[Termination "Fandorine won by resignation"]

1. e4 e5 2. Bc4 Nf6 3. d3 c6 4.
Nf3 d5 5. Bb3 Bb4+ 6. Bd2 Bxd2+ 7. Qxd2 a5 8. a4 O-O 9. exd5 Nxd5 10. O-O Nd7 11. Re1 Qf6 12. Nc3 Nf4 13. Ne4 Qg6 14.
Ng3 Qf6 15. Qe3 Ng6 16. Rad1 c5 17. Bc4 Qd6 18. Bb5 f5 19. Qd2 Nb6 20. Qc3 Be6 21. Nxe5 Nd5 22. Qd2 Nxe5 23. Qe2 Nf4 24. Qxe5 Qxe5 25.
Rxe5 b6 26. Nh5 Nxh5 27. Rxe6 Rf6 28. Rde1 g6 29. Rxf6 Nxf6 30. Re6 Kg7 31. Rxb6 Nd5 32. Rb7+ Kh6 33. g3 Rc8 34. Bc4 Nb4 35. c3 Nc6 36. f4 g5 37. Rb6 Kh5 38. Be6 Rc7 39.
Bxf5 gxf4 40. gxf4 Kh4 41. Be4 Nd8 42. Rh6+ Kg4 43.
Rxh7 Rc8 44. f5 Nc6 45. f6 Ne5 46. f7 Rb8 47. b3 Kf4 48. Rg7 Rf8 49. Bd5 Nd7 50. Rg8 Ke5 51. Rxf8 Nxf8 52. Bc4 Kf4 53. Kf2 Ng6 54. d4 cxd4 55. cxd4 Ke4 56. d5 Ke5 57. h4 Kf6 58. d6 Nf8 59. h5 Ke5 60. h6 Kxd6 61. Bd3 Ke7 62. h7 Nxh7 63. Bxh7 1-0

[Event "*** Qualifier 2: Titled Tuesday 3|2 Blitz"]
[Site "Chess.com"]
[Date "2017.04.11"]
[Round "7"]
[White "MyleneFarmer"]
[Black "chessking2151"]
[Result "1-0"]
[WhiteElo "2319"]
[BlackElo "2323"]
[TimeControl "180+2"]
[EndTime "14:42:04 PDT"]
[Termination "MyleneFarmer won on time"]

1. c3 e5 2. f3 d5 3. g3 Nf6 4. b3 Bd6 5. Nh3 h5 6. Nf2 h4 7. e3 e4 8. f4 hxg3 9. hxg3 Rxh1 10. Nxh1 Bg4 11. Be2 Qd7 12. Nf2 Bxe2 13. Qxe2 g6 14.
Ba3 Nh5 15. Bxd6 cxd6 16. Na3 Nxg3 17. Qg4 Qxg4 18. Nxg4 Ke7 19. Nb5 Na6 20. Kf2 Nf5 21. Rh1 Ke6 22. Rh7 Rg8 23. Nxa7 Nc7 24. a4 Ra8 25.
Nb5 Nxb5 26. axb5 Ra2 27. Ke2 Rb2 28. b4 Rb1 29. Rh8 Rg1 30. Nh6 Rg2+ 31. Kd1 Nxh6 32. Rxh6 Rg1+ 33. Kc2 Ra1 34. Rh8 Ra7 35. Rb8 Ra2+ 36.
Kd1 Ra1+ 37. Ke2 f6 38. Rxb7 g5 39. fxg5 fxg5 40. b6 Ra8 41. Rg7 Kf6 42. Rd7 Ke6 43. Rc7 g4 44. b7 Rb8 45. Kf2 Kf6 46. Kg3 Kf5 47. Rd7 Ke6 48. Rg7 Kf5 49. Rf7+ Ke6 50.
Rh7 Kf5 51. Rh5+ Ke6 52. Rh7 Kf5 53. Kh4 Rg8 54. Rc7 Rh8+ 55. Kg3 Rb8 56. Rh7 Kg6 57. Rd7 Kf5 58. Rxd6 Rxb7 59. Rxd5+ Ke6 60. Rc5 Rg7 61. Rc8 Ke5 62. Re8+ Kd5 63. Rd8+ Kc4 64. Rd4+ Kb3 65. Rxe4 1-0

[Event "*** Qualifier 2: Titled Tuesday 3|2 Blitz"]
[Site "Chess.com"]
[Date "2017.04.11"]
[Round "7"]
[White "GeorgMeier"]
[Black "maciek_92"]
[Result "1-0"]
[WhiteElo "2714"]
[BlackElo "2540"]
[TimeControl "180+2"]
[EndTime "14:42:11 PDT"]
[Termination "GeorgMeier won by resignation"]

1. Nf3 Nf6 2. g3 g6 3. Bg2 Bg7 4. O-O O-O 5. d4 d6 6. b3 Nc6 7. Bb2 e5 8. dxe5 Ng4 9. Qd2 Ngxe5 10. c4 Be6 11. Nc3 Qd7 12. Nd5 Nxf3+ 13. exf3 Bxb2 14. Qxb2 Bxd5 15. cxd5 Ne7 16. f4 c5 17.
dxc6 bxc6 18. Rac1 Rac8 19. Rfe1 Rc7 20. h4 h5 21. Kh2 c5 22. Qf6 Qd8 23. Red1 Nf5 24. Qc3 Re7 25. b4 cxb4 26. Qxb4 Re2 27. Rd2 Rfe8 28.
Bf3 Rxd2 29. Qxd2 Qb6 30. Kg2 Re7 31. Rc4 Rc7 32. Rxc7 Qxc7 33. Be4 Ne7 34. Qd4 Qc5 35. Qxc5 dxc5 36. Kf3 f5 37. Bc2 Kf7 38. Bb3+ Ke8 39.
Ke3 Kd7 40. Kd3 Kd6 41. Bf7 a6 42. Kc4 Kc6 43. a3 Kb6 44. Be8 a5 45. f3 a4 46.
Bxa4 Nc8 47. Kd5 Ne7+ 48. Kd6 Nc8+ 49. Ke5 c4 50. Kd4 Nd6 51. Bd7 Kc7 52. Be6 Nb5+ 53. Kxc4 Nxa3+ 54. Kd4 Kd6 55. Bf7 Nc2+ 56. Kd3 Nb4+ 57.
Ke2 Nc6 58. Bxg6 Ke6 59. Bxh5 Ke7 60. Ke3 Nd8 61. Bg6 Kf6 62. Be8 Ne6 63. Bd7 Nc5 64. Bc8 Nb3 65. g4 Nc5 66. h5 Na4 67. Bxf5 Nb6 68. Be4 1-0

[Event "*** Qualifier 2: Titled Tuesday 3|2 Blitz"]
[Site "Chess.com"]
[Date "2017.04.11"]
[Round "7"]
[White "Abrito99"]
[Black "GianmarcoVaR"]
[Result "0-1"]
[WhiteElo "2319"]
[BlackElo "2482"]
[TimeControl "180+2"]
[EndTime "14:42:17 PDT"]
[Termination "GianmarcoVaR won by resignation"]

1. e4 c6 2. Nc3 d5 3. Nf3 Bg4 4. h3 Bxf3 5. Qxf3 e6 6. d3 Nf6 7.
Bd2 Bb4 8. a3 Ba5 9. g4 d4 10.
Nb1 Bxd2+ 11. Nxd2 Qa5 12. Qg3 h5 13. g5 h4 14. Qf4 Nfd7 15. Be2 Ne5 16. O-O-O Nbd7 17. Qh2 Ng6 18. Rhg1 e5 19. Nc4 Qc5 20. Bg4 Ndf8 21. Kb1 Nf4 22. f3 N8g6 23. Qd2 a5 24. Bf5 a4 25. Qb4 Qxb4 26. axb4 b5 27. Na5 c5 28. Nb7 cxb4 29. Nd6+ Ke7 30. Nxb5 Ra5 31. Nc7 Kd6 32. Bxg6 fxg6 33. Nd5 Nxd5 34. exd5 Kxd5 35. Rg4 a3 36. b3 a2+ 37. Kb2 Rha8 38. Ra1 Rf8 39. Rxa2 Rxa2+ 40. Kxa2 Rf4 41. Kb2 Ke6 42. Kc1 Kf5 43. Kd2 Rxf3 44. Rxh4 Rf2+ 45. Kc1 Kxg5 46. Rh7 Rh2 47. Rxg7 Rxh3 48. Rb7 Kf4 49. Rxb4 g5 50. Rb7 g4 51. Rf7+ Ke3 52. b4 g3 53. Rg7 Kf2 54.
Rf7+ Ke2 55. Rg7 Kf1 56. Rf7+ Kg1 57. b5 g2 58. b6 Kh2 59. Rf2 Kh1 0-1

[Event "*** Qualifier 2: Titled Tuesday 3|2 Blitz"]
[Site "Chess.com"]
[Date "2017.04.11"]
[Round "7"]
[White "justantan"]
[Black "MFBerna"]
[Result "1-0"]
[WhiteElo "2294"]
[BlackElo "2131"]
[TimeControl "180+2"]
[EndTime "14:42:26 PDT"]
[Termination "justantan won by resignation"]

1. e4 e5 2. Nf3 Nc6 3. Bc4 Bc5 4. O-O Nf6 5. d3 O-O 6. a4 d6 7. h3 h6 8. Re1 a6 9. c3 Ba7 10. Na3 Ne7 11. Nc2 Ng6 12. Be3 Be6 13. Bxe6 fxe6 14. Bxa7 Rxa7 15. d4 Qe8 16. dxe5 dxe5 17. Ne3 Nh5 18.
Ng4 Qf7 19. Rf1 Qf4 20. Qe2 Raa8 21. Qc4 Rae8 22. Qxc7 Qxe4 23. Nfxe5 Nhf4 24. f3 Qf5 25. Rae1 h5 26. Nf2 Qg5 27. g4 Nh4 28. Qxb7 Nfg6 29. Nfd3 Rf5 30. Qd7 Re7 31. Qd8+ Kh7 32. Nxg6 Nxg6 33.
f4 Qh4 34. Re3 Rd5 35. Qb8 Red7 36. f5 exf5 37. gxf5 Ne7 38. Qf4 Nxf5 39. Qxh4 Nxh4 40. Nf4 Rg5+ 41. Kh2 Rf7 42. Rf2 Ng6 43. Nd3 Rd7 44. Rg2 Rxg2+ 45. Kxg2 Rxd3 46. Rxd3 Nf4+ 47. Kf3 Nxd3 48.
b4 Kg6 49. Ke4 Nb2 50. b5 Nxa4 51. bxa6 Nxc3+ 52. Ke5 Nb5 53. h4 Kf7 54. Kf5 g6+ 55. Ke5 Ke7 56. Kd5 Kd7 57. Kc5 Nc7 58. a7 Na8 59. Kd5 Ke7 60. Kc6 g5 61. Kb7 gxh4 62.
Kxa8 h3 63. Kb8 h2 64. a8=Q 1-0

[Event "*** Qualifier 2: Titled Tuesday 3|2 Blitz"]
[Site "Chess.com"]
[Date "2017.04.11"]
[Round "7"]
[White "Maitreia"]
[Black "pastouche06"]
[Result "1/2-1/2"]
[WhiteElo "2492"]
[BlackElo "2308"]
[TimeControl "180+2"]
[EndTime "14:42:37 PDT"]
[Termination "Game drawn - insufficient material"]

1. c4 Nf6 2. g3 e6 3. Bg2 d5 4.
Nf3 d4 5. O-O c5 6. e3 Nc6 7.
exd4 cxd4 8. Qe2 Bd6 9. d3 O-O 10. Bg5 h6 11. Bxf6 Qxf6 12. a3 a5 13. Nbd2 Qe7 14.
Rfe1 Re8 15. Rac1 Bd7 16. Ne4 Bc7 17. c5 f5 18. Ned2 e5 19. Nc4 Qf6 20. Nfd2 a4 21.
Nb6 Bxb6 22. cxb6 Ra5 23. Nc4 Rb5 24. Qc2 Rb3 25. Re2 e4 26. Rd1 Ne5 27. Nxe5 Qxe5 28.
dxe4 Bb5 29. Red2 d3 30. Qc7 fxe4 31. Qxb7 e3 32. Qd5+ Kh7 33. Qxe5 Rxe5 34. fxe3 Rxe3 35. b7 Ba6 36. Kf2 Re7 37. Bd5 Rb6 38. h4 Bxb7 39.
Bxb7 Rbxb7 40. Rxd3 Rxb2+ 41. R1d2 Reb7 42. Rxb2 Rxb2+ 43. Ke3 Ra2 44. Kd4 Rb2 45. Kc3 Rb3+ 46. Kc4 Rxd3 47.
Kxd3 Kg6 48. Kc4 Kh5 49. Kb4 Kg4 50. Kxa4 Kxg3 51. h5 Kh4 52. Kb3 Kxh5 53. a4 g5 54. a5 g4 55. a6 g3 56. a7 g2 57. a8=Q g1=Q 58. Qe8+ Qg6 59. Qe2+ Kh4 60. Qh2+ Kg5 61. Qg3+ Kf6 62. Qd6+ Kg7 63. Qe5+ Qf6 64. Qg3+ Kh7 65. Kc4 h5 66. Qd3+ Kh8 67. Qh3 h4 68. Kd5 Kh7 69.
Ke4 Kh6 70. Qe3+ Kh5 71. Qf3+ Qxf3+ 72. Kxf3 h3 73. Kg3 h2 74. Kxh2 1/2-1/2

[Event "*** Qualifier 2: Titled Tuesday 3|2 Blitz"]
[Site "Chess.com"]
[Date "2017.04.11"]
[Round "7"]
[White "JaimeSantosLatasa"]
[Black "Sebastian"]
[Result "1/2-1/2"]
[WhiteElo "2542"]
[BlackElo "2685"]
[TimeControl "180+2"]
[EndTime "14:43:01 PDT"]
[Termination "Game drawn by agreement"]

1. d4 Nf6 2. c4 e6 3. Nf3 b6 4. g3 Bb7 5. Bg2 Be7 6. O-O O-O 7. Nc3 Ne4 8. Bd2 Bf6 9. Rc1 c5 10.
d5 Nxd2 11. Qxd2 exd5 12. Nxd5 Bxd5 13. Qxd5 Nc6 14. b3 Qe7 15. e3 Rad8 16. Qd2 Qe6 17.
Ne1 Ne7 18. Nd3 Bg5 19. h4 Bh6 20. Rfd1 Rfe8 21. Kh2 Qf6 22. Qb2 Qf5 23. Qe5 Qe6 24. Bh3 Qc6 25. Bg2 Qe6 26. Qxe6 dxe6 27. Ne5 g6 28.
Bc6 Rf8 29. Bb5 Bg7 30. Nd7 Rfe8 31. Rd2 Kh8 32. Rcd1 h5 33. Ne5 Rxd2 34. Rxd2 Rf8 35. Nf3 Nf5 36. Rd7 a5 37. Ng5 Kg8 38. Kg2 Bf6 39.
Ne4 Be7 40. Rb7 Bd8 41. Kf3 Kg7 42. Ng5 Bxg5 43. hxg5 Rd8 44. Rxb6 Rd2 45. Rc6 Rxa2 46. Rxc5 h4 47. gxh4 Nxh4+ 48. Ke4 Rxf2 49. Ba4 Rf5 50. Rb5 Kf8 51. Rb8+ Ke7 52. Rb5 Kd6 53. Rb6+ Kc7 54. Rc6+ Kb7 55. Rd6 Nf3 56. Kd3 Nxg5 57. Rd7+ Kb6 58.
Kd4 Nf3+ 59. Kc3 Ne5 60. Re7 Rf3 61. Kd4 Nc6+ 62. Bxc6 Kxc6 63. Ra7 Kb6 64. Rd7 g5 65.
c5+ Kc6 66. Rd6+ Kc7 67. Ra6 g4 68. Rxa5 g3 69. Ra1 f5 70. b4 Kc6 71. Ra6+ Kb7 72.
Rxe6 f4 73. exf4 Rxf4+ 74. Kd5 Rxb4 75. Rg6 Rb3 76. Rg7+ Kc8 77. Kc6 Kb8 78. Rg8+ Ka7 79. Kc7 Rb7+ 80. Kd6 Rb3 81. c6 Rd3+ 82. Kc7 Rf3 83. Rg4 Rf7+ 84. Kd6 Rf6+ 85. Kd7 Rf7+ 86.
Ke6 Rh7 87. Rxg3 Kb6 88. Kd6 Rh6+ 89. Kd7 Rh7+ 1/2-1/2

[Event "*** Qualifier 2: Titled Tuesday 3|2 Blitz"]
[Site "Chess.com"]
[Date "2017.04.11"]
[Round "7"]
[White "johnathan113"]
[Black "TenisMaster"]
[Result "0-1"]
[WhiteElo "2436"]
[BlackElo "2647"]
[TimeControl "180+2"]
[EndTime "14:43:15 PDT"]
[Termination "TenisMaster won on time"]

1. e4 e5 2. Nf3 Nc6 3. d4 exd4 4.
Nxd4 Bc5 5. Nb3 Bb6 6. Nc3 Nf6 7. Qe2 O-O 8. Bg5 Nd4 9. Qd2 Nxb3 10. axb3 h6 11. Bh4 Nxe4 12. Qf4 Ng5 13. O-O-O c6 14. Ne4 d5 15. Nxg5 hxg5 16. Bxg5 f6 17. Bh4 g5 18. Qg3 Kf7 19. Bd3 Rh8 20. f4 Bc7 21. Bxg5 fxg5 22. Rhf1 g4 23. h3 Qh4 24. Qe3 Bd7 25. f5 Qh6 26. Qxh6 Rxh6 27. hxg4 Rg8 28. Be2 Kf6 29. c4 Bd6 30. cxd5 c5 31. Kb1 b6 32. Bf3 Re8 33. Rh1 Reh8 34. Rhe1 R6h7 35. Ka2 Re8 36.
Rh1 Reh8 37. Rhe1 a5 38. Ka1 b5 39. Kb1 b4 40. Kc2 a4 41. bxa4 Bxa4+ 42. b3 Bd7 43. Ra1 Re8 44. Rxe8 Bxe8 45. Ra6 Rd7 46. Be2 Bf7 47. Bb5 Rd8 48. Bc4 Kg5 49. Ra7 Bg8 50. Rg7+ Kf6 51. Rg6+ Ke5 52. Rh6 Kf4 53. Rg6 Bf7 54.
Rg7 Rf8 55. Kd3 Be5 56. g3+ Kf3 57. Rh7 Kxg4 58. Ke4 Bd6 59. Rg7+ Kh5 60. Kf3 Kh6 61. f6 Bg6 62. Rd7 Rxf6+ 63. Kg2 Be4+ 64. Kh3 Bf5+ 0-1

[Event "*** Qualifier 2: Titled Tuesday 3|2 Blitz"]
[Site "Chess.com"]
[Date "2017.04.11"]
[Round "7"]
[White "XDPS"]
[Black "Rodalquilar"]
[Result "1-0"]
[WhiteElo "2581"]
[BlackElo "2518"]
[TimeControl "180+2"]
[EndTime "14:45:18 PDT"]
[Termination "XDPS won on time"]

1. e4 e5 2. Nf3 Nc6 3. Bc4 d6 4.
O-O Bg4 5. c3 Qd7 6. Re1 Nf6 7.
a4 a6 8. d3 Be7 9. Nbd2 O-O 10. b4 Rad8 11. Qb3 h6 12. Qa2 Be6 13. Nf1 Rfe8 14. Ne3 Bf8 15. Ba3 Bxc4 16. Nxc4 d5 17. Ncd2 dxe4 18. dxe4 b5 19. Bb2 Qe6 20. axb5 Qxa2 21.
Rxa2 axb5 22. Kf1 g5 23. h3 h5 24. Nb3 g4 25. hxg4 hxg4 26. Nh4 Rd3 27. Nf5 Bxb4 28.
Nc1 Rd2 29. cxb4 Nxb4 30. Bc3 Rxa2 31. Bxb4 Rb2 32. Ba3 Rc2 33. Ne3 Rd2 34. Nf5 Ra8 35.
Bc5 Rc2 36. Be7 Nh5 37. Nd3 Raa2 38. Bh4 f6 39. Nb4 c5 40. Nxc2 Rxc2 41. Ne3 Ra2 42. Nxg4 Kf7 43. Ne3 c4 44. Rb1 Nf4 45. Bg3 c3 46.
Kg1 Ne2+ 47. Kh2 c2 48. Nxc2 Rxc2 49. Rxb5 Nc3 50. Rc5 Ke6 51. f3 Kd6 52. Rc4 Rc1 53. Bf2 Ne2 54. Rxc1 Nxc1 55. Kg3 Nd3 56. Be3 Ke6 57. Kg4 Ne1 58. g3 Nc2 59. Bc5 Ne1 60.
f4 exf4 61. gxf4 Nd3 62. f5+ Kf7 63. Bd4 Nb4 64. Kf4 Nd3+ 65. Ke3 Nb4 66. Bc5 Nc6 67.
Bd6 Ke8 68. Kd3 Kd7 69. Bf4 Ke7 70. Kc4 Na5+ 71. Kd5 Nb3 72. Be3 Na5 73. Bc5+ Kd7 74. Bd4 Ke7 75. Bc3 Nb7 76. Kc6 Nd8+ 77. Kc7 Nf7 78. Bb4+ Ke8 79. Kc6 Ng5 80. Kd5 Kf7 81.
Bd2 Nf3 82. Bf4 Ke7 83. Bg3 Kf7 84. Kc4 Nd2+ 85. Kd3 Nb3 86. Bd6 Na5 87. Kd4 Nb3+ 88. Kc3 Na5 89. Kb4 Nc6+ 90. Kc5 Nd8 91. Kb6 Ke8 92.
Kc7 Nf7 93. Bf4 Ke7 94. Kc6 Nd8+ 95. Kd5 Nf7 96. Be3 Kd7 97. Bd4 Ke7 98. Bc5+ Kd7 99. Bf8 Ke8 100. Bd6 Kd7 101. Bc5 Ng5 102. Kd4 Ke8 103. Ke3 Kd7 104. Kf4 Nf7 105. Bd4 Ke7 106. Kg4 Ng5 107. Bxf6+ Kxf6 108. e5+ Kxe5 109. Kxg5 Kd6 110. Kg6 Ke7 111. Kg7 Ke8 112. f6 1-0

[Event "*** Qualifier 2: Titled Tuesday 3|2 Blitz"]
[Site "Chess.com"]
[Date "2017.04.11"]
[Round "8"]
[White "andreimacovei2000"]
[Black "Rating-Schmating"]
[Result "1-0"]
[WhiteElo "2398"]
[BlackElo "2250"]
[TimeControl "180+2"]
[EndTime "14:47:50 PDT"]
[Termination "andreimacovei2000 won by checkmate"]

1. e4 e6 2. d4 d5 3. Nc3 Bb4 4. e5 c5 5. a3 Bxc3+ 6. bxc3 Qc7 7. Nf3 Nc6 8. a4 Nge7 9. Ba3 b6 10. Be2 Na5 11. O-O O-O 12. Bd3 Nc4 13. Bxh7+ Kxh7 14.
Ng5+ Kh6 15. Bc1 Nf5 16. Nxe6+ Kg6 17. Nxc7 Rb8 18. Nxd5 Ba6 19. Qg4+ Kh7 20. Qxf5+ Kg8 21. Ne7+ Kh8 22. Qh5# 1-0

[Event "*** Qualifier 2: Titled Tuesday 3|2 Blitz"]
[Site "Chess.com"]
[Date "2017.04.11"]
[Round "8"]
[White "Alex_Molchanov"]
[Black "Marcus_Harvey"]
[Result "0-1"]
[WhiteElo "2420"]
[BlackElo "2519"]
[TimeControl "180+2"]
[EndTime "14:48:38 PDT"]
[Termination "Marcus_Harvey won by resignation"]

1. c4 e6 2. Nc3 Nf6 3. e4 d5 4. cxd5 exd5 5. e5 d4 6. exf6 dxc3 7. Qe2+ Be6 8. dxc3 Qxf6 9. Nf3 Nc6 10. Qb5 Qe7 11.
Qxb7 Bc8+ 0-1

[Event "*** Qualifier 2: Titled Tuesday 3|2 Blitz"]
[Site "Chess.com"]
[Date "2017.04.11"]
[Round "8"]
[White "Noukii"]
[Black "PelinGorki"]
[Result "1-0"]
[WhiteElo "2625"]
[BlackElo "2388"]
[TimeControl "180+2"]
[EndTime "14:49:15 PDT"]
[Termination "Noukii won by resignation"]

1. d4 d6 2. c4 e5 3. d5 f5 4. e4 fxe4 5. Nc3 Nf6 6. Bg5 Bf5 7.
Nge2 h6 8. Ng3 g6 9. Bxf6 Qxf6 10. Ncxe4 Qf7 11. h4 b6 12. h5 g5 13. Nxf5 Qxf5 14.
Bd3 Qc8 15. Nf6+ Kf7 16. Qf3 Kg7 17. Rh3 Be7 18. Qe4 1-0